 Dungeon Crawl Stone Soup version 0.22-a0-514-g96ba041d05 (webtiles) character file.

1220 123456 the Cleaver (level 8, -2/96 HPs)
             Began as a Minotaur Berserker on June 19, 2018.
             Was an Elder of Trog.
             Slain by an orc warrior
             ... wielding a +0 glaive
              (13 damage)
             ... on level 6 of the Dungeon.
             The game lasted 00:14:31 (4816 turns).

123456 the Cleaver (Minotaur Berserker)             Turns: 4816, Time: 00:14:31

Health: -2/96      AC: 16    Str: 26    XL:     8   Next: 23%
Magic:  8/8        EV:  9    Int:  4    God:    Trog [****..]
Gold:   269        SH:  0    Dex: 13    Spells: 7/7 levels left

rFire    . . .     SeeInvis .   a - +0 hand axe
rCold    . . .     Gourm    .   (no shield)
rNeg     . . .     Faith    .   x - +0 chain mail
rPois    .         Spirit   .   q - +2 hat
rElec    .         Reflect  .   B - +0 cloak
rCorr    .         Harm     .   i - +1 pair of gloves
MR       +....                  (no boots)
Stlth    ..........             (no amulet)
HPRegen  0.26/turn              t - ring of protection from magic
MPRegen  0.11/turn              (no ring)

@: berserking, very quick
A: retaliatory headbutt, horns 2
a: Berserk, Trog's Hand, Brothers in Arms, Renounce Religion


You were on level 6 of the Dungeon.
You worshipped Trog.
Trog was greatly pleased with you.
You were hungry.

You visited 1 branch of the dungeon, and saw 6 of its levels.
You also visited: Sewer.

You collected 269 gold pieces.

Inventory:

Hand Weapons
 a - a +0 hand axe (weapon)
 b - a +0 hunting sling
Missiles
 h - 134 arrows
 n - 65 bolts
 v - 2 tomahawks (quivered)
 z - 2 throwing nets
 C - 5 silver javelins
Armour
 i - a +1 pair of gloves (worn)
 q - a +2 hat (worn)
 x - a +0 chain mail (worn)
 B - a +0 cloak (worn)
Jewellery
 o - the ring of the Ego {Ice *Contam rPois rN+ Int+6, unknown}
   (You found it on level 5 of the Dungeon)

   [ring of ice]

   It enhances your ice magic.
   It affects your intelligence (+6).
   It makes you vulnerable to fire.
   It protects you from cold.
   It protects you from poison.
   It protects you from negative energy.
   It causes magical contamination when unequipped.
 t - a ring of protection from magic (left hand)
Wands
 A - a wand of flame (30)
 E - a wand of polymorph (6)
Scrolls
 e - 2 scrolls of fear
 f - 3 scrolls of blinking
 k - 2 scrolls of remove curse
 p - 2 scrolls of identify
 w - a scroll of magic mapping {unknown}
 y - a scroll of enchant armour
 D - a scroll of fog {unknown}
Potions
 d - a potion of might
 g - 2 potions of cancellation
 j - a potion of agility
 m - 3 potions of heal wounds
 r - 3 potions of flight
 s - a potion of haste
 u - a potion of mutation {unknown}
Comestibles
 c - 14 rations
 l - 13 chunks of flesh


   Skills:
 - Level 3.6 Fighting
 + Level 9.7 Axes
 + Level 7.4 Armour
 - Level 2.1 Dodging
 * Level 2.1 Evocations


You had 7 spell levels left.
You didn't know any spells.
Your spell library was empty.

Dungeon Overview and Level Annotations

Branches:
Dungeon (6/15)             Temple (0/1) D:5

Altars:
Cheibriados
Elyvilon
Makhleb
Nemelex Xobeh
Qazlal
Vehumet
Wu Jian
Yredelemnul
Zin

Shops:
D:4 (

Annotations:
D:6 1 runed door, Vutiucve's ghost, novice MiFi


Innate Abilities, Weirdness & Mutations

You reflexively headbutt those who attack you in melee.
You have a pair of horns on your head.


Message History

The ogre barely misses you.
You hit the ogre.
The ogre is moderately wounded.
The orc warrior hits you from afar with a glaive!
You closely miss the ogre. You headbutt the ogre!
The ogre is heavily wounded.
The ogre hits you with a giant spiked club.
An orc priest comes into view. It is wielding a war axe.
You hit the ogre.
The ogre is severely wounded.
The orc warrior hits you from afar with a glaive!
The orc priest invokes the aid of Beogh against you.
Beogh smites you!
The ogre hits you with a giant spiked club!!
* * * LOW HITPOINT WARNING * * *
A red film seems to cover your vision as you go berserk!
You feel yourself moving faster!
You feel mighty!
You are feeling hungry.
The orc warrior hits you from afar with a glaive!
You die...

.......#
.......#########
................
...##.##.######
...##.##.# #'###.##.#
####### #.###.##.#
#....$# ##.
.......#.####.....#.....
............'...@O...#
#........####....oo..#
########## #.....#o.# .
#.....# .# .. #.....# #
... ......# ... .#####.#
... #. .# ...


You could see an orc warrior, an ogre, an orc priest and an orc wizard.

Vanquished Creatures
  Purgy (Sewer)
  An ice beast (D:5)
  2 sky beasts (D:5)
  An ogre (D:4)
  A bullfrog (D:6)
  A howler monkey (D:4)
  A bullfrog zombie (D:5)
  A crimson imp (D:6)
  3 hounds
  A jelly (D:5)
  An orc priest (D:3)
  3 orc wizards
  3 worker ants
  7 gnolls
  A howler monkey skeleton (D:4)
  8 adders
  A shadow imp (D:6)
  2 oozes (D:1)
  An adder skeleton (D:5)
  2 worms
  A dart slug (D:3)
  5 leopard geckos
  11 orcs
  8 giant cockroaches
  3 goblins
  6 hobgoblins
  14 jackals
  4 quokkas
  6 ball pythons
  10 bats
  6 frilled lizards
  11 kobolds
  A leopard gecko skeleton (D:5)
  8 rats
136 creatures vanquished.

Notes
Turn   | Place    | Note
-------+----------+-------------------------------------------
     0 | D:1      | 123456 the Minotaur Berserker began the quest for the Orb.
     0 | D:1      | Reached XP level 1. HP: 19/19 MP: 0/0
   145 | D:1      | Reached skill level 4 in Axes
   145 | D:1      | Reached XP level 2. HP: 21/26 MP: 1/1
   632 | D:1      | Reached XP level 3. HP: 31/31 MP: 2/2
  1110 | D:2      | Reached skill level 5 in Axes
  1146 | D:2      | Found a white marble altar of Elyvilon.
  1250 | D:2      | Reached ** piety under Trog
  1496 | D:2      | Reached XP level 4. HP: 38/39 MP: 3/3
  1986 | D:3      | Reached skill level 6 in Axes
  2118 | D:3      | Reached XP level 5. HP: 28/45 MP: 4/4
  2369 | D:3      | Reached *** piety under Trog
  2651 | D:4      | Found a burning altar of Makhleb.
  2708 | D:4      | Noticed an ogre
  2713 | D:4      | Killed an ogre
  2713 | D:4      | Reached skill level 7 in Axes
  2713 | D:4      | Reached skill level 5 in Armour
  2713 | D:4      | Reached XP level 6. HP: 51/51 MP: 5/5
  2758 | D:4      | Found a glowing drain.
  2781 | Sewer    | Entered a sewer
  2859 | Sewer    | Noticed Purgy
  2869 | Sewer    | Killed Purgy
  2869 | Sewer    | Reached skill level 8 in Axes
  2869 | Sewer    | Reached XP level 7. HP: 57/57 MP: 6/6
  3031 | D:4      | Found a radiant altar of Vehumet.
  3152 | D:4      | Found a snail-covered altar of Cheibriados.
  3636 | D:4      | Found a sparkling altar of Nemelex Xobeh.
  3637 | D:4      | Found a stormy altar of Qazlal.
  3715 | D:4      | Found Utott's Antique Weapon Shop.
  3794 | D:5      | Entered Level 5 of the Dungeon
  3800 | D:5      | Found a staircase to the Ecumenical Temple.
  4066 | D:5      | Reached skill level 1 in Evocations
  4121 | D:5      | Reached **** piety under Trog
  4140 | D:5      | Got a twitching silver ring
  4198 | D:5      | Found an ornate altar of the Wu Jian Council.
  4256 | D:5      | Reached skill level 9 in Axes
  4299 | D:5      | Found a basalt altar of Yredelemnul.
  4402 | D:5      | Reached XP level 8. HP: 64/64 MP: 8/8
  4540 | D:5      | Found a glowing silver altar of Zin.
  4688 | D:6      | Found a runed door.
  4692 | D:6      | Noticed Vutiucve's ghost (novice MiFi)
  4699 | D:6      | Received a gift from Trog
  4816 | D:6      | Slain by an orc warrior

Vault maps used:
D:1:      kilobyte_arrival_exit_the_forest, supply_closet_lemuel
D:2:      elyvilon_altar_5
D:4:      overflow_temple_1_default, lemuel_crystal_altar,
          gammafunk_temple_overflow_statue, serial_shops, shop_fountains,
          first_ration, portal_sewer_entry_b, minmay_misc_feat_secret_circle,
          makhleb_heckhound_becter
D:5:      lemuel_crystal_altar, yredelemnul_altar_generic, zin_treasury,
          temple_doors_e
D:6:      overflow_temple_1_default, old_standard_altar, gammafunk_ghost_grave
Sewer:    sewer_co_purgy_island

Skill      XL: |  1  2  3  4  5  6  7  8 |
---------------+-------------------------+-----
Axes           | 4 5 6 7 8 9 |  9.7
Armour         | 3 4 5 7 |  7.4
Evocations     | 1 2 |  2.1
Fighting       | |  3.6
Dodging        | |  2.1

Action                   |  1- 3 |  4- 6 |  7- 9 || total
-------------------------+-------+-------+-------++-------
Melee: Hand axe          |    88 |   111 |   177 ||   376
       Headbutt          |    11 |    29 |    36 ||    76
Invok: Berserk           |       |     3 |     1 ||     4
  Use: Scroll            |       |     8 |     6 ||    14
  Eat: Chunk             |     2 |     6 |     8 ||    16
Armor: Ring mail         |    32 |    26 |       ||    58
       Chain mail        |       |    33 |    87 ||   120
Dodge: Dodged            |    45 |    68 |    61 ||   174

Table legend:
 A = Spawn XP
 B = Non-spawn XP
 C = Spawn XP percentage of total XP
 D = Spawn monster count
 E = Non-spawn monster count
 F = Spawn count percentage of total count
 G = Total turns spent on level
                    A         B        C        D         E        F      G
               +---------+---------+-------+---------+---------+-------+---------
         Total |       0 |    1744 |   0.0 |       0 |     136 |   0.0 |  4816
               +---------+---------+-------+---------+---------+-------+---------
           D:1 |       0 |      47 |   0.0 |       0 |      22 |   0.0 |  1097
           D:2 |       0 |      51 |   0.0 |       0 |      24 |   0.0 |   489
           D:3 |       0 |     228 |   0.0 |       0 |      29 |   0.0 |  1057
           D:4 |       0 |     403 |   0.0 |       0 |      22 |   0.0 |   973
           D:5 |       0 |     558 |   0.0 |       0 |      15 |   0.0 |   787
           D:6 |       0 |     316 |   0.0 |       0 |      17 |   0.0 |   235
         Sewer |       0 |     141 |   0.0 |       0 |       7 |   0.0 |   178
               +---------+---------+-------+---------+---------+-------+---------
